 Dungeon Crawl Stone Soup version 0.28.0-49-g6dfe1f597d (webtiles) character file.

Game seed: 16827717230903011105

25 Kangaroobicon the Skirmisher (level 2, -3/25 HPs)
             Began as a Palentonga Fighter on May 11, 2022.
             Slain by a gnoll
             ... wielding a +0 spear
              (4 damage)
             ... on level 2 of the Dungeon.
             The game lasted 00:05:24 (1030 turns).

Kangaroobicon the Skirmisher (Palentonga Fighter)   Turns: 1030, Time: 00:05:26

Health: -3/25      AC: 11    Str: 19    XL:     2   Next: 82%
Magic:  2/2        EV:  5    Int:  8    God:
Gold:   14         SH:  4    Dex:  9    Spells: 1/1 levels left

rFire   . . .      SeeInvis +   a - +0 war axe
rCold   . . .      Faith    .   c - +0 buckler
rNeg    . . .      Spirit   .   b - +0 scale mail
rPois   .          Reflect  .   (no helmet)
rElec   .          Harm     .   (no cloak)
rCorr   .          Rampage  .   (no gloves)
Will    .....                   j - +0 barding
Stlth   ..........              (no amulet)
HPRegen 0.08/turn               (no ring)
MPRegen 0.08/turn               (no ring)

@: no status effects
A: large, rugged brown scales 3, see invisible, deformed body, roll 1, armoured
tail
a: Rolling Charge


You were on level 2 of the Dungeon.
You visited 1 branch of the dungeon, and saw 2 of its levels.

You collected 14 gold pieces.

Inventory:

Hand Weapons
 a - a +0 war axe (weapon)
Armour
 b - a +0 scale mail (worn)
 c - a +0 buckler (worn)
 j - a +0 barding (worn)
Scrolls
 e - a scroll of silence {unknown}
 g - a scroll of enchant armour {unknown}
 h - a scroll of identify {unknown}
 i - a scroll of teleportation
 k - a scroll of noise {unknown}
Potions
 d - a potion of might
 f - a potion of brilliance {unknown}


   Skills:
 + Level 3.1 Fighting
 + Level 2.1 Axes
 + Level 2.6 Armour
 + Level 3.0 Shields


You had one spell level left.
You didn't know any spells.
Your spell library contained the following spells:

 Spells                   Type           Power      Damage    Failure   Level
 Blade Hands              Tmut           0%         N/A       100%        5
 Irradiate                Conj/Tmut      0%         3d13      100%        5
 Dragon Form              Tmut           0%         N/A       100%        7


Dungeon Overview and Level Annotations

Branches:
Dungeon (2/15)

Altars:


Innate Abilities, Weirdness & Mutations

You are completely covered in rugged brown scales. (AC +3, +7% HP)
You have supernaturally acute eyesight. (SInv)
Armour fits poorly on your strangely shaped body.
You can roll at nearby foes to attack.
You have a long armoured tail.


Message History

Your Shields skill increases to level 3!
You feel sick.
You are no longer poisoned.
k - a scroll labelled SEIMNO MUOCZO You start resting.
HP restored.
A gnoll comes into view. It is wielding a +0 spear.
Found a sedimented puce potion.
The gnoll shouts!
A gnoll comes into view. It is wielding a +0 halberd.
The gnoll shouts!
You hear a shout!
A gnoll comes into view. It is wielding a +0 spear.
A gnoll comes into view. It is wielding a +0 club.
The gnoll shouts!
Roll where?
Press: ? - help, Q - select action Dir - move target, f - gnoll
Aim: a gnoll, wielding a +0 spear You roll forward with a clatter of scales!
You barely miss the gnoll.
Your tail-slap misses the gnoll.
You slash the plant!
The plant begins to die.
The gnoll hits you with a +0 spear. The gnoll hits you but does no damage.
You hit the gnoll but do no damage. You hit the plant.
The gnoll hits the plant with a +0 club!
The plant begins to die.
The gnoll hits you but does no damage.
A quokka comes into view.
The gnoll hits you with a +0 spear!
You hit the gnoll.
Your tail-slap misses the gnoll.
The gnoll is moderately wounded.
You slash the plant! The gnoll hits you but does no damage.
The gnoll hits you with a +0 spear.
The gnoll hits the plant with a +0 club.
The gnoll hits you from afar with a +0 spear.
You hit the gnoll.
The gnoll is moderately wounded.
You hit the plant.
A nearby plant withers and dies.
The gnoll hits you but does no damage.
The gnoll hits you from afar with a +0 halberd!
* * * LOW HITPOINT WARNING * * *
The gnoll hits you from afar with a +0 spear.
You die...

.....†.......#
....###.....##
...##.....#.###
......###.#...##
....##
#.###..#########
#.# #.#
#..........# #.
#.# #..........#
#.# #..........#
#. #...@.g....#
#...g.Pg!P..
#...P.g..P..
.r.#.P.P.....
.........P...P.
.......P.......
###


#..PPPP.PP. #...PPPPP.. You could see 4 gnolls and a quokka.

Vanquished Creatures
  An adder (D:2)
  A dart slug (D:1)
  2 endoplasms (D:1)
  A giant cockroach (D:1)
  A goblin (D:1)
  A hobgoblin (D:1)
  2 quokkas
  A ball python (D:1)
  A frilled lizard (D:2)
  2 kobolds (D:1)
  A rat (D:1)
14 creatures vanquished.

Vanquished Creatures (others)
  A fungus (D:1)
  A plant (D:2)
2 creatures vanquished.

Grand Total: 16 creatures vanquished

Notes
Turn   | Place    | Note
-------+----------+-------------------------------------------
     0 | D:1      | Kangaroobicon the Palentonga Fighter began the quest for
                  | the Orb.
     0 | D:1      | Reached XP level 1. HP: 19/19 MP: 1/1
   430 | D:1      | Reached XP level 2. HP: 18/25 MP: 2/2
   633 | D:1      | Found a faded altar of an unknown god.
  1030 | D:2      | HP: 1/25 [gnoll/+0 halberd (9)]
  1030 | D:2      | Slain by a gnoll

Illustrated notes

Levels and vault maps discovered:
D:1:      tarquinn_simple_flora_water_f, layout_loops_ring,
          ebering_ecumenical_altar_webs
D:2:      layout_rooms, chequers_serial_rivers_micro_d, nicolae_grassy_gnolls

Skill      XL: |  1  2 |
---------------+-------+-----
Shields        | 3 |  3.0
Fighting       | |  3.1
Axes           | |  2.1
Armour         | |  2.6

Action                   || total
-------------------------++-------
Melee: War axe           ||    51
       Tailslap          ||     5
 Abil: Rolling Charge    ||     1
  Use: Scroll            ||     1
Armor: Scale mail        ||    31
Dodge: Dodged            ||    11
Block: Buckler           ||    13
